 Dungeon Crawl Stone Soup version 0.29.1 (webtiles) character file.

Game seed: 7030991397650319977

110 Bartlander the Poker (level 4, -4/33 HPs)
             Began as a Merfolk Gladiator on Sept 13, 2022.
             Killed by nerve-wracking pain
             ... invoked by Jessica
              (13 damage)
             ... on level 2 of the Dungeon.
             The game lasted 00:07:29 (2246 turns).

Bartlander the Poker (Merfolk Gladiator)            Turns: 2246, Time: 00:07:29

Health: -4/33      AC:  9    Str: 16    XL:     4   Next: 91%
Magic:  4/4        EV:  8    Int:  7    God:
Gold:   39         SH:  0    Dex: 15    Spells: 3/3 levels left

rFire   . . .      SeeInvis .   a - +0 trident
rCold   . . .      Faith    .   (no shield)
rNeg    . . .      Spirit   .   f - +0 chain mail
rPois   .          Reflect  .   c - +0 helmet
rElec   .          Harm     .   (no cloak)
rCorr   .          Rampage  .   (no gloves)
Will    .....                   (no boots)
Stlth   ..........              (no amulet)
HPRegen 0.11/turn               (no ring)
MPRegen 0.09/turn               (no ring)

@: no status effects
A: (nimble swimmer 2), mertail
a: no special abilities


You were on level 2 of the Dungeon.
You visited 1 branch of the dungeon, and saw 2 of its levels.

You collected 39 gold pieces.

Inventory:

Hand Weapons
 a - a +0 trident (weapon)
Missiles
 d - 3 throwing nets
 e - a javelin
 g - 5 boomerangs (quivered)
Armour
 b - a +0 leather armour
 c - a +0 helmet (worn)
 f - a +0 chain mail (worn)
Scrolls
 h - a scroll of amnesia {unknown}
Potions
 j - a potion of heal wounds {unknown}


   Skills:
 - Level 2.1 Fighting
 + Level 7.2 Polearms
 - Level 2.0 Throwing
 - Level 4.0 Dodging


You had 3 spell levels left.
You didn't know any spells.
Your spell library was empty.

Dungeon Overview and Level Annotations

Branches:
Dungeon (2/15)

Altars:

Annotations:
D:2 Jessica


Innate Abilities, Weirdness & Mutations

((You are very nimble when in or above water. (Stealth+, EV+, Speed+++)))
Your lower body shifts to a powerful aquatic tail in water.


Message History

The hobgoblin hits you but does no damage.
The goblin completely misses you.
You puncture the hobgoblin!
You kill the hobgoblin!
The goblin hits you with a +0 club.
You hit the hobgoblin.
The hobgoblin is severely wounded.
The hobgoblin no longer looks unusually strong.
Jessica mumbles some strange words.
Jessica blinks!
The goblin barely misses you. The hobgoblin barely misses you.
You closely miss the hobgoblin.
The hobgoblin is severely wounded.
The goblin hits you with a +0 club.
* * * LOW HITPOINT WARNING * * *
The hobgoblin hits you but does no damage.
You puncture the goblin!
You kill the goblin!
Jessica casts a spell.
Jessica blinks!
The hobgoblin hits you.
* * * LOW HITPOINT WARNING * * *
You hit the hobgoblin.
You kill the hobgoblin!
Items here: )) ††.
Press: ? - help, v - describe, . - travel, g - get item
Here: Jessica, wielding a +0 dagger and wearing a +0 robe (fast)
Items here: a +3 spear; a +0 animal skin; a +0 helmet.
The floor.
Jessica is nearby!
Items here: )) ††.
Reach: a) +0 trident
Press: ? - help, Dir - move target, f/p - Jessica
Aim: Jessica, wielding a +0 dagger and wearing a +0 robe (fast, about 38% to evade your +0 trident)
You reach to attack!
You puncture Jessica!
Jessica is almost dead.
Jessica hits you but does no damage.
You completely miss Jessica.
Jessica is almost dead.
Jessica points at you and mumbles some strange words.
Pain shoots through your body!
You die...

.......<....... ..............<
.## ............###
...####.(.g.....#
.................#
....##..........#
#.............#
################...........#
#####...........@@))...........
......################>.......#
####### ##......## ########


You could see Jessica (fast).

Vanquished Creatures
  Terence (D:1)
  Robin (D:2)
  A gnoll (D:1)
  A dart slug (D:1)
  3 endoplasms (D:1)
  A giant cockroach (D:1)
  10 goblins
  6 hobgoblins
  15 jackals (D:1)
  2 kobolds (D:1)
  A quokka (D:1)
  A ball python (D:1)
  4 bats (D:1)
  5 frilled lizards (D:1)
  2 rats (D:1)
54 creatures vanquished.

Notes
Turn   | Place    | Note
-------+----------+-------------------------------------------
     0 | D:1      | Bartlander the Merfolk Gladiator began the quest for the
                  | Orb.
     0 | D:1      | Reached XP level 1. HP: 16/16 MP: 1/1
   190 | D:1      | Reached XP level 2. HP: 22/22 MP: 2/2
   197 | D:1      | Reached skill level 5 in Polearms
   341 | D:1      | Reached XP level 3. HP: 21/27 MP: 3/3
   979 | D:1      | Reached skill level 6 in Polearms
  1019 | D:1      | Found a faded altar of an unknown god.
  1247 | D:1      | Reached XP level 4. HP: 33/33 MP: 4/4
  1385 | D:2      | Noticed Robin
  1385 | D:2      | Noticed Jessica
  1418 | D:2      | Noticed Terence
  1927 | D:1      | Killed Terence
  2213 | D:2      | Reached skill level 7 in Polearms
  2229 | D:2      | Killed Robin
  2246 | D:2      | Killed from afar by Jessica

Illustrated notes

Levels and vault maps discovered:
D:1:      amcnicky_arrival_wind_blow, layout_basic,
          dreamdust_ecumenical_altar_hidden_monk_grotto
D:2:      layout_rooms, minmay_indecisive_spiral, uniq_terence, uniq_robin,
          uniq_jessica

Skill      XL: |  1  2  3  4 |
---------------+-------------+-----
Polearms       | 5 6 7 |  7.2
Fighting       | |  2.1
Throwing       | |  2.0
Dodging        | |  4.0

Action                   |  1- 3 |  4- 6 || total
-------------------------+-------+-------++-------
Melee: Trident           |   107 |    62 ||   169
       Punch             |       |     1 ||     1
Throw: Boomerang         |     2 |     1 ||     3
  Use: Scroll            |       |     4 ||     4
       Potion            |       |     1 ||     1
 Stab: Sleeping          |     2 |       ||     2
Armor: Leather armour    |    29 |     4 ||    33
       Chain mail        |       |    19 ||    19
Dodge: Dodged            |    64 |    50 ||   114
